Workbook

Sheet Read me
A1: Car service garage management system
A3: Made-up data: every name, amount, shop and date in this file is made up for practice. Replace it with your own.
A4: Yellow cells are inputs: type over them. Green cells hold formulas: do not type over them. Blue rows are headers and totals.
A5: From ravindrabagale.com, Excel course, Excel Business Management Systems. By Ravindra Bagale.
A7: Sheets: Setup (labour rate, GST rates, service interval), Vehicles (next service, reminder), Job lines, Job cards, Invoice (printable), Report, Dashboard.
A8: Every part and every labour item is one row in Job lines; job cards and invoices add them up.
A9: GST rates are inputs; confirm the rate for each part and service.

Sheet Setup
A1: Car Service Garage Management System: Setup (Bagale Auto Care, Nashik)
A2: Made-up vehicles, job cards and rates for October 2026. GST rates are inputs; confirm the rate for each part and service. | D2: Mechanics | E2: Line type
A3: As-of date | B3: 46312 | D3: Raja | E3: Part
A4: Labour rate per hour (₹) | B4: 600 | D4: Salman | E4: Labour
A5: GST on parts | B5: 0.18 | D5: Amir
A6: GST on labour | B6: 0.18
A7: Service interval (km) | B7: 10000
A8: Service interval (months) | B8: 6
A9: Reminder window (days) | B9: 30

Sheet Vehicles
A1: Vehicles and next service
A2: Last service = latest job date for the vehicle, or the date typed when there is no job yet. Next due = last + 6 months.
A4: Reg no | B4: Owner | C4: Type | D4: Service before Oct | E4: Last service | F4: Next due date | G4: Days left | H4: Reminder
A5: MH15-AB-1234 | B5: Ravindra Bagale | C5: Hatchback petrol | D5: 46132 | E5: =MAX(D5,_xlfn.MAXIFS('Job cards'!$B$5:$B$500,'Job cards'!$C$5:$C$500,A5)) | F5: =EDATE(E5,Setup!$B$8) | G5: =F5-Setup!$B$3 | H5: =IF(G5<0,"Overdue",IF(G5<=Setup!$B$9,"Call now","OK"))
A6: MH15-CD-5678 | B6: Shraddha Patil | C6: Sedan diesel | D6: 46144 | E6: =MAX(D6,_xlfn.MAXIFS('Job cards'!$B$5:$B$500,'Job cards'!$C$5:$C$500,A6)) | F6: =EDATE(E6,Setup!$B$8) | G6: =F6-Setup!$B$3 | H6: =IF(G6<0,"Overdue",IF(G6<=Setup!$B$9,"Call now","OK"))
A7: MH15-EF-9012 | B7: Raja Jadhav | C7: SUV diesel | D7: 46293 | E7: =MAX(D7,_xlfn.MAXIFS('Job cards'!$B$5:$B$500,'Job cards'!$C$5:$C$500,A7)) | F7: =EDATE(E7,Setup!$B$8) | G7: =F7-Setup!$B$3 | H7: =IF(G7<0,"Overdue",IF(G7<=Setup!$B$9,"Call now","OK"))
A8: MH15-GH-3456 | B8: Zoya Khan | C8: Hatchback CNG | D8: 46122 | E8: =MAX(D8,_xlfn.MAXIFS('Job cards'!$B$5:$B$500,'Job cards'!$C$5:$C$500,A8)) | F8: =EDATE(E8,Setup!$B$8) | G8: =F8-Setup!$B$3 | H8: =IF(G8<0,"Overdue",IF(G8<=Setup!$B$9,"Call now","OK"))
A9: MH15-JK-7890 | B9: Amir Sayyed | C9: Sedan petrol | D9: 46298 | E9: =MAX(D9,_xlfn.MAXIFS('Job cards'!$B$5:$B$500,'Job cards'!$C$5:$C$500,A9)) | F9: =EDATE(E9,Setup!$B$8) | G9: =F9-Setup!$B$3 | H9: =IF(G9<0,"Overdue",IF(G9<=Setup!$B$9,"Call now","OK"))
A10: MH15-LM-2468 | B10: Rani More | C10: SUV petrol | D10: 46137 | E10: =MAX(D10,_xlfn.MAXIFS('Job cards'!$B$5:$B$500,'Job cards'!$C$5:$C$500,A10)) | F10: =EDATE(E10,Setup!$B$8) | G10: =F10-Setup!$B$3 | H10: =IF(G10<0,"Overdue",IF(G10<=Setup!$B$9,"Call now","OK"))
A11: MH15-NP-1357 | B11: Salman Pathan | C11: Hatchback diesel | D11: 46101 | E11: =MAX(D11,_xlfn.MAXIFS('Job cards'!$B$5:$B$500,'Job cards'!$C$5:$C$500,A11)) | F11: =EDATE(E11,Setup!$B$8) | G11: =F11-Setup!$B$3 | H11: =IF(G11<0,"Overdue",IF(G11<=Setup!$B$9,"Call now","OK"))

Sheet Job lines
A1: Job lines (parts and labour)
A2: Part: qty × rate. Labour: hours × labour rate from Setup. GST at the part or labour rate. Key numbers the lines of each job.
A4: Job no | B4: Type | C4: Description | D4: Qty / hours | E4: Rate (₹) | F4: Amount (₹) | G4: GST (₹) | H4: Key
A5: JC-001 | B5: Part | C5: Engine oil 4 L | D5: 1 | E5: 2400 | F5: =D5*E5 | G5: =ROUND(F5*IF(B5="Part",Setup!$B$5,Setup!$B$6),2) | H5: =A5&"-"&COUNTIF($A$5:A5,A5)
A6: JC-001 | B6: Part | C6: Oil filter | D6: 1 | E6: 350 | F6: =D6*E6 | G6: =ROUND(F6*IF(B6="Part",Setup!$B$5,Setup!$B$6),2) | H6: =A6&"-"&COUNTIF($A$5:A6,A6)
A7: JC-001 | B7: Labour | C7: Periodic service | D7: 2 | E7: =IF(B7="Labour",Setup!$B$4,600) | F7: =D7*E7 | G7: =ROUND(F7*IF(B7="Part",Setup!$B$5,Setup!$B$6),2) | H7: =A7&"-"&COUNTIF($A$5:A7,A7)
A8: JC-002 | B8: Part | C8: Brake pads (front) | D8: 1 | E8: 2200 | F8: =D8*E8 | G8: =ROUND(F8*IF(B8="Part",Setup!$B$5,Setup!$B$6),2) | H8: =A8&"-"&COUNTIF($A$5:A8,A8)
A9: JC-002 | B9: Labour | C9: Brake job | D9: 1.5 | E9: =IF(B9="Labour",Setup!$B$4,600) | F9: =D9*E9 | G9: =ROUND(F9*IF(B9="Part",Setup!$B$5,Setup!$B$6),2) | H9: =A9&"-"&COUNTIF($A$5:A9,A9)
A10: JC-003 | B10: Part | C10: Engine oil 5 L | D10: 1 | E10: 3100 | F10: =D10*E10 | G10: =ROUND(F10*IF(B10="Part",Setup!$B$5,Setup!$B$6),2) | H10: =A10&"-"&COUNTIF($A$5:A10,A10)
A11: JC-003 | B11: Part | C11: Oil filter | D11: 1 | E11: 450 | F11: =D11*E11 | G11: =ROUND(F11*IF(B11="Part",Setup!$B$5,Setup!$B$6),2) | H11: =A11&"-"&COUNTIF($A$5:A11,A11)
A12: JC-003 | B12: Part | C12: Air filter | D12: 1 | E12: 650 | F12: =D12*E12 | G12: =ROUND(F12*IF(B12="Part",Setup!$B$5,Setup!$B$6),2) | H12: =A12&"-"&COUNTIF($A$5:A12,A12)
A13: JC-003 | B13: Labour | C13: Periodic service | D13: 2.5 | E13: =IF(B13="Labour",Setup!$B$4,600) | F13: =D13*E13 | G13: =ROUND(F13*IF(B13="Part",Setup!$B$5,Setup!$B$6),2) | H13: =A13&"-"&COUNTIF($A$5:A13,A13)
A14: JC-004 | B14: Part | C14: Engine oil 4 L | D14: 1 | E14: 2400 | F14: =D14*E14 | G14: =ROUND(F14*IF(B14="Part",Setup!$B$5,Setup!$B$6),2) | H14: =A14&"-"&COUNTIF($A$5:A14,A14)
A15: JC-004 | B15: Part | C15: Spark plugs | D15: 4 | E15: 180 | F15: =D15*E15 | G15: =ROUND(F15*IF(B15="Part",Setup!$B$5,Setup!$B$6),2) | H15: =A15&"-"&COUNTIF($A$5:A15,A15)
A16: JC-004 | B16: Labour | C16: Periodic service | D16: 2 | E16: =IF(B16="Labour",Setup!$B$4,600) | F16: =D16*E16 | G16: =ROUND(F16*IF(B16="Part",Setup!$B$5,Setup!$B$6),2) | H16: =A16&"-"&COUNTIF($A$5:A16,A16)
A17: JC-005 | B17: Part | C17: Clutch plate | D17: 1 | E17: 5600 | F17: =D17*E17 | G17: =ROUND(F17*IF(B17="Part",Setup!$B$5,Setup!$B$6),2) | H17: =A17&"-"&COUNTIF($A$5:A17,A17)
A18: JC-005 | B18: Labour | C18: Clutch overhaul | D18: 4 | E18: =IF(B18="Labour",Setup!$B$4,600) | F18: =D18*E18 | G18: =ROUND(F18*IF(B18="Part",Setup!$B$5,Setup!$B$6),2) | H18: =A18&"-"&COUNTIF($A$5:A18,A18)
A19: JC-006 | B19: Labour | C19: Wheel alignment | D19: 1 | E19: =IF(B19="Labour",Setup!$B$4,600) | F19: =D19*E19 | G19: =ROUND(F19*IF(B19="Part",Setup!$B$5,Setup!$B$6),2) | H19: =A19&"-"&COUNTIF($A$5:A19,A19)

Sheet Job cards
A1: Job cards
A2: One row per visit. Totals come from Job lines. Next service km = km in + interval.
A4: Job no | B4: Date | C4: Reg no | D4: Owner | E4: Km in | F4: Mechanic | G4: Parts (₹) | H4: Labour (₹) | I4: Labour hours | J4: GST (₹) | K4: Total (₹) | L4: Next service km
A5: ="JC-"&TEXT(ROW()-4,"000") | B5: 46297 | C5: MH15-AB-1234 | D5: =_xlfn.XLOOKUP(C5,Vehicles!$A$5:$A$100,Vehicles!$B$5:$B$100,"Check reg no") | E5: 42150 | F5: Raja | G5: =SUMIFS('Job lines'!$F$5:$F$2000,'Job lines'!$A$5:$A$2000,A5,'Job lines'!$B$5:$B$2000,"Part") | H5: =SUMIFS('Job lines'!$F$5:$F$2000,'Job lines'!$A$5:$A$2000,A5,'Job lines'!$B$5:$B$2000,"Labour") | I5: =SUMIFS('Job lines'!$D$5:$D$2000,'Job lines'!$A$5:$A$2000,A5,'Job lines'!$B$5:$B$2000,"Labour") | J5: =SUMIFS('Job lines'!$G$5:$G$2000,'Job lines'!$A$5:$A$2000,A5) | K5: =G5+H5+J5 | L5: =E5+Setup!$B$7
A6: ="JC-"&TEXT(ROW()-4,"000") | B6: 46298 | C6: MH15-JK-7890 | D6: =_xlfn.XLOOKUP(C6,Vehicles!$A$5:$A$100,Vehicles!$B$5:$B$100,"Check reg no") | E6: 18900 | F6: Salman | G6: =SUMIFS('Job lines'!$F$5:$F$2000,'Job lines'!$A$5:$A$2000,A6,'Job lines'!$B$5:$B$2000,"Part") | H6: =SUMIFS('Job lines'!$F$5:$F$2000,'Job lines'!$A$5:$A$2000,A6,'Job lines'!$B$5:$B$2000,"Labour") | I6: =SUMIFS('Job lines'!$D$5:$D$2000,'Job lines'!$A$5:$A$2000,A6,'Job lines'!$B$5:$B$2000,"Labour") | J6: =SUMIFS('Job lines'!$G$5:$G$2000,'Job lines'!$A$5:$A$2000,A6) | K6: =G6+H6+J6 | L6: =E6+Setup!$B$7
A7: ="JC-"&TEXT(ROW()-4,"000") | B7: 46301 | C7: MH15-CD-5678 | D7: =_xlfn.XLOOKUP(C7,Vehicles!$A$5:$A$100,Vehicles!$B$5:$B$100,"Check reg no") | E7: 88400 | F7: Amir | G7: =SUMIFS('Job lines'!$F$5:$F$2000,'Job lines'!$A$5:$A$2000,A7,'Job lines'!$B$5:$B$2000,"Part") | H7: =SUMIFS('Job lines'!$F$5:$F$2000,'Job lines'!$A$5:$A$2000,A7,'Job lines'!$B$5:$B$2000,"Labour") | I7: =SUMIFS('Job lines'!$D$5:$D$2000,'Job lines'!$A$5:$A$2000,A7,'Job lines'!$B$5:$B$2000,"Labour") | J7: =SUMIFS('Job lines'!$G$5:$G$2000,'Job lines'!$A$5:$A$2000,A7) | K7: =G7+H7+J7 | L7: =E7+Setup!$B$7
A8: ="JC-"&TEXT(ROW()-4,"000") | B8: 46304 | C8: MH15-GH-3456 | D8: =_xlfn.XLOOKUP(C8,Vehicles!$A$5:$A$100,Vehicles!$B$5:$B$100,"Check reg no") | E8: 61200 | F8: Raja | G8: =SUMIFS('Job lines'!$F$5:$F$2000,'Job lines'!$A$5:$A$2000,A8,'Job lines'!$B$5:$B$2000,"Part") | H8: =SUMIFS('Job lines'!$F$5:$F$2000,'Job lines'!$A$5:$A$2000,A8,'Job lines'!$B$5:$B$2000,"Labour") | I8: =SUMIFS('Job lines'!$D$5:$D$2000,'Job lines'!$A$5:$A$2000,A8,'Job lines'!$B$5:$B$2000,"Labour") | J8: =SUMIFS('Job lines'!$G$5:$G$2000,'Job lines'!$A$5:$A$2000,A8) | K8: =G8+H8+J8 | L8: =E8+Setup!$B$7
A9: ="JC-"&TEXT(ROW()-4,"000") | B9: 46308 | C9: MH15-EF-9012 | D9: =_xlfn.XLOOKUP(C9,Vehicles!$A$5:$A$100,Vehicles!$B$5:$B$100,"Check reg no") | E9: 35500 | F9: Salman | G9: =SUMIFS('Job lines'!$F$5:$F$2000,'Job lines'!$A$5:$A$2000,A9,'Job lines'!$B$5:$B$2000,"Part") | H9: =SUMIFS('Job lines'!$F$5:$F$2000,'Job lines'!$A$5:$A$2000,A9,'Job lines'!$B$5:$B$2000,"Labour") | I9: =SUMIFS('Job lines'!$D$5:$D$2000,'Job lines'!$A$5:$A$2000,A9,'Job lines'!$B$5:$B$2000,"Labour") | J9: =SUMIFS('Job lines'!$G$5:$G$2000,'Job lines'!$A$5:$A$2000,A9) | K9: =G9+H9+J9 | L9: =E9+Setup!$B$7
A10: ="JC-"&TEXT(ROW()-4,"000") | B10: 46311 | C10: MH15-AB-1234 | D10: =_xlfn.XLOOKUP(C10,Vehicles!$A$5:$A$100,Vehicles!$B$5:$B$100,"Check reg no") | E10: 42210 | F10: Amir | G10: =SUMIFS('Job lines'!$F$5:$F$2000,'Job lines'!$A$5:$A$2000,A10,'Job lines'!$B$5:$B$2000,"Part") | H10: =SUMIFS('Job lines'!$F$5:$F$2000,'Job lines'!$A$5:$A$2000,A10,'Job lines'!$B$5:$B$2000,"Labour") | I10: =SUMIFS('Job lines'!$D$5:$D$2000,'Job lines'!$A$5:$A$2000,A10,'Job lines'!$B$5:$B$2000,"Labour") | J10: =SUMIFS('Job lines'!$G$5:$G$2000,'Job lines'!$A$5:$A$2000,A10) | K10: =G10+H10+J10 | L10: =E10+Setup!$B$7

Sheet Invoice
A1: Printable service invoice
A2: Type a job number in B4; up to 6 lines fill from Job lines. Print A1:F20.
A3: Bagale Auto Care, Nashik
A4: Job no | B4: JC-003 | C4: Reg no | D4: =_xlfn.XLOOKUP($B$4,'Job cards'!$A$5:$A$500,'Job cards'!$C$5:$C$500)
C5: Km in | D5: =_xlfn.XLOOKUP($B$4,'Job cards'!$A$5:$A$500,'Job cards'!$E$5:$E$500)
A7: No | B7: Description | C7: Qty / hours | D7: Rate (₹) | E7: Amount (₹) | F7: GST (₹)
A8: 1 | B8: =_xlfn.XLOOKUP($B$4&"-"&A8,'Job lines'!$H$5:$H$2000,'Job lines'!$C$5:$C$2000,"") | C8: =_xlfn.XLOOKUP($B$4&"-"&A8,'Job lines'!$H$5:$H$2000,'Job lines'!$D$5:$D$2000,"") | D8: =_xlfn.XLOOKUP($B$4&"-"&A8,'Job lines'!$H$5:$H$2000,'Job lines'!$E$5:$E$2000,"") | E8: =_xlfn.XLOOKUP($B$4&"-"&A8,'Job lines'!$H$5:$H$2000,'Job lines'!$F$5:$F$2000,"") | F8: =_xlfn.XLOOKUP($B$4&"-"&A8,'Job lines'!$H$5:$H$2000,'Job lines'!$G$5:$G$2000,"")
A9: 2 | B9: =_xlfn.XLOOKUP($B$4&"-"&A9,'Job lines'!$H$5:$H$2000,'Job lines'!$C$5:$C$2000,"") | C9: =_xlfn.XLOOKUP($B$4&"-"&A9,'Job lines'!$H$5:$H$2000,'Job lines'!$D$5:$D$2000,"") | D9: =_xlfn.XLOOKUP($B$4&"-"&A9,'Job lines'!$H$5:$H$2000,'Job lines'!$E$5:$E$2000,"") | E9: =_xlfn.XLOOKUP($B$4&"-"&A9,'Job lines'!$H$5:$H$2000,'Job lines'!$F$5:$F$2000,"") | F9: =_xlfn.XLOOKUP($B$4&"-"&A9,'Job lines'!$H$5:$H$2000,'Job lines'!$G$5:$G$2000,"")
A10: 3 | B10: =_xlfn.XLOOKUP($B$4&"-"&A10,'Job lines'!$H$5:$H$2000,'Job lines'!$C$5:$C$2000,"") | C10: =_xlfn.XLOOKUP($B$4&"-"&A10,'Job lines'!$H$5:$H$2000,'Job lines'!$D$5:$D$2000,"") | D10: =_xlfn.XLOOKUP($B$4&"-"&A10,'Job lines'!$H$5:$H$2000,'Job lines'!$E$5:$E$2000,"") | E10: =_xlfn.XLOOKUP($B$4&"-"&A10,'Job lines'!$H$5:$H$2000,'Job lines'!$F$5:$F$2000,"") | F10: =_xlfn.XLOOKUP($B$4&"-"&A10,'Job lines'!$H$5:$H$2000,'Job lines'!$G$5:$G$2000,"")
A11: 4 | B11: =_xlfn.XLOOKUP($B$4&"-"&A11,'Job lines'!$H$5:$H$2000,'Job lines'!$C$5:$C$2000,"") | C11: =_xlfn.XLOOKUP($B$4&"-"&A11,'Job lines'!$H$5:$H$2000,'Job lines'!$D$5:$D$2000,"") | D11: =_xlfn.XLOOKUP($B$4&"-"&A11,'Job lines'!$H$5:$H$2000,'Job lines'!$E$5:$E$2000,"") | E11: =_xlfn.XLOOKUP($B$4&"-"&A11,'Job lines'!$H$5:$H$2000,'Job lines'!$F$5:$F$2000,"") | F11: =_xlfn.XLOOKUP($B$4&"-"&A11,'Job lines'!$H$5:$H$2000,'Job lines'!$G$5:$G$2000,"")
A12: 5 | B12: =_xlfn.XLOOKUP($B$4&"-"&A12,'Job lines'!$H$5:$H$2000,'Job lines'!$C$5:$C$2000,"") | C12: =_xlfn.XLOOKUP($B$4&"-"&A12,'Job lines'!$H$5:$H$2000,'Job lines'!$D$5:$D$2000,"") | D12: =_xlfn.XLOOKUP($B$4&"-"&A12,'Job lines'!$H$5:$H$2000,'Job lines'!$E$5:$E$2000,"") | E12: =_xlfn.XLOOKUP($B$4&"-"&A12,'Job lines'!$H$5:$H$2000,'Job lines'!$F$5:$F$2000,"") | F12: =_xlfn.XLOOKUP($B$4&"-"&A12,'Job lines'!$H$5:$H$2000,'Job lines'!$G$5:$G$2000,"")
A13: 6 | B13: =_xlfn.XLOOKUP($B$4&"-"&A13,'Job lines'!$H$5:$H$2000,'Job lines'!$C$5:$C$2000,"") | C13: =_xlfn.XLOOKUP($B$4&"-"&A13,'Job lines'!$H$5:$H$2000,'Job lines'!$D$5:$D$2000,"") | D13: =_xlfn.XLOOKUP($B$4&"-"&A13,'Job lines'!$H$5:$H$2000,'Job lines'!$E$5:$E$2000,"") | E13: =_xlfn.XLOOKUP($B$4&"-"&A13,'Job lines'!$H$5:$H$2000,'Job lines'!$F$5:$F$2000,"") | F13: =_xlfn.XLOOKUP($B$4&"-"&A13,'Job lines'!$H$5:$H$2000,'Job lines'!$G$5:$G$2000,"")
D15: Subtotal | E15: =SUM(E8:E13)
D16: GST | E16: =SUM(F8:F13)
D17: Total | E17: =E15+E16
A19: Next service at km | C19: =_xlfn.XLOOKUP($B$4,'Job cards'!$A$5:$A$500,'Job cards'!$L$5:$L$500)

Sheet Report
A1: Mechanic report
A2: Labour hours sold and revenue per mechanic.
A4: Mechanic | B4: Jobs | C4: Labour hours | D4: Labour (₹) | E4: Parts (₹) | F4: Total with GST (₹)
A5: =Setup!D3 | B5: =COUNTIF('Job cards'!$F$5:$F$500,A5) | C5: =SUMIFS('Job cards'!$I$5:$I$500,'Job cards'!$F$5:$F$500,A5) | D5: =SUMIFS('Job cards'!$H$5:$H$500,'Job cards'!$F$5:$F$500,A5) | E5: =SUMIFS('Job cards'!$G$5:$G$500,'Job cards'!$F$5:$F$500,A5) | F5: =SUMIFS('Job cards'!$K$5:$K$500,'Job cards'!$F$5:$F$500,A5)
A6: =Setup!D4 | B6: =COUNTIF('Job cards'!$F$5:$F$500,A6) | C6: =SUMIFS('Job cards'!$I$5:$I$500,'Job cards'!$F$5:$F$500,A6) | D6: =SUMIFS('Job cards'!$H$5:$H$500,'Job cards'!$F$5:$F$500,A6) | E6: =SUMIFS('Job cards'!$G$5:$G$500,'Job cards'!$F$5:$F$500,A6) | F6: =SUMIFS('Job cards'!$K$5:$K$500,'Job cards'!$F$5:$F$500,A6)
A7: =Setup!D5 | B7: =COUNTIF('Job cards'!$F$5:$F$500,A7) | C7: =SUMIFS('Job cards'!$I$5:$I$500,'Job cards'!$F$5:$F$500,A7) | D7: =SUMIFS('Job cards'!$H$5:$H$500,'Job cards'!$F$5:$F$500,A7) | E7: =SUMIFS('Job cards'!$G$5:$G$500,'Job cards'!$F$5:$F$500,A7) | F7: =SUMIFS('Job cards'!$K$5:$K$500,'Job cards'!$F$5:$F$500,A7)
A8: Total | B8: =SUM(B5:B7) | C8: =SUM(C5:C7) | D8: =SUM(D5:D7) | E8: =SUM(E5:E7) | F8: =SUM(F5:F7)

Sheet Dashboard
A1: Garage dashboard: October 2026
A2: Formulas over Job cards, Vehicles and Report.
A4: Jobs this month | B4: Billing with GST | C4: Labour share of sales | D4: Average bill | E4: Vehicles to call | F4: Labour hours sold
A5: =COUNTA('Job cards'!$C$5:$C$500) | B5: =Report!F8 | C5: =Report!D8/(Report!D8+Report!E8) | D5: =Report!F8/Report!B8 | E5: =COUNTIF(Vehicles!H5:H11,"<>OK") | F5: =Report!C8
